 Dungeon Crawl Stone Soup version 0.16.1-14-g82efdee (webtiles) character file.

810 Thalios the Fighter (level 7, -5/52 HPs)
             Began as a Gargoyle Fighter on Apr 12, 2015.
             Was a Follower of Okawaru.
             Killed by nerve-wracking pain
             ... invoked by Grinder
              (12 damage)
             ... while paralysed by Grinder
             ... on level 5 of the Dungeon.
             The game lasted 00:10:37 (4677 turns).

Thalios the Fighter (Gargoyle Fighter)              Turns: 4677, Time: 00:10:38

Health: -5/52      AC: 17    Str: 20    XL:     7   Next: 92%
Magic:  7/7        EV:  2    Int: 10    God:    Okawaru [*.....]
Gold:   134        SH:  0    Dex: 13    Spells: 0 memorised, 6 levels left

rFire  . . .     SeeInvis .     a - +0 flail
rCold  + . .     Clarity  .     n - +0 chain mail
rNeg   + . .     SustAb   .     c - +0 shield
rPois  ∞         Gourm    .     q - +2 helmet
rElec  +         Spirit   .     (no cloak)
rCorr  .         Warding  .     (no gloves)
rMut   .         Stasis   .     (no boots)
MR     .....                    (no amulet)
Stlth  ..........               u - ring of protection from cold
                                s - +4 ring of dexterity

@: paralysed, not resistant to hostile enchantments, extremely unstealthy
A: negative energy resistance 1, electricity resistance, unbreathing,
petrification resistance, rot immunity, AC +4
a: Heroism, Renounce Religion


You were on level 5 of the Dungeon.
You worshipped Okawaru.
Okawaru was aware of your devotion.
You were not hungry.

You visited 2 branches of the dungeon, and saw 6 of its levels.

You collected 134 gold pieces.

Inventory:

Hand weapons
 a - a +0 flail (weapon)
Missiles
 f - 7 tomahawks (quivered)
 i - 33 bolts
Armour
 c - a +0 shield (worn)
 n - a +0 chain mail (worn)
 q - a +2 helmet (worn)
Jewellery
 s - a +4 ring of dexterity (left hand)
 u - a ring of protection from cold (right hand)
 z - an uncursed amulet of clarity {unknown}
Magical devices
 t - a wand of frost (29)
Scrolls
 b - 3 scrolls of fear {unknown}
 h - 4 scrolls of teleportation {unknown}
 k - 2 scrolls of remove curse {unknown}
 x - a scroll of enchant weapon {unknown}
 y - 2 scrolls of identify {unknown}
Potions
 e - a potion of might
 g - 2 potions of agility {unknown}
 j - 4 potions of curing {unknown}
 p - 2 potions of heal wounds {unknown}
 w - a potion of restore abilities {unknown}
 A - a potion of cancellation {unknown}
Comestibles
 d - 4 bread rations
 l - a royal jelly
 m - a slice of pizza
 o - 4 fruits
 r - 2 meat rations
 v - a beef jerky


   Skills:
 * Level 9.8 Fighting
 - Level 2.0 Maces & Flails
 - Level 3.4 Armour
 - Level 3.5 Shields


You had 6 spell levels left.
You didn't know any spells.

Dungeon Overview and Level Annotations

Branches:
Dungeon (5/15)             Temple (1/1) D:4

Altars:
Dithmenos
Elyvilon
Fedhas
Kikubaaqudgha
Okawaru
Trog
Zin
The Shining One

Shops:
D:4 :

Annotations:
D:5 Grinder


Innate Abilities, Weirdness & Mutations

You are resistant to torment.
You are immune to poison.
Your stone body is very resilient (AC +4).
You resist negative energy.
You are resistant to electric shocks.
You can survive without breathing.
You are immune to petrification.
You are immune to rotting.


Message History

You closely miss Grinder.
Grinder is heavily wounded.
Grinder gestures.
Grinder blinks!
Grinder gestures at you. Pain shoots through your body!
Grinder gestures.
Grinder blinks!
Grinder hits you but does no damage.
You barely miss Grinder.
Grinder is heavily wounded.
Grinder gestures at you. Pain shoots through your body!
* * * LOW HITPOINT WARNING * * *
Grinder gestures at you.
You suddenly lose the ability to move!
Grinder hits you but does no damage. Grinder gestures at you.
Pain shoots through your body!
You die...

.# ######.# ## #.#
# #.###### #
####### #......# #
#.....# ######.# #
#.....# #.# #
#..<..# #.# #
#.....# #5#
###.)...# #@#
.......## ##.#
####...### #..#
##.......# #.##
.....###.# #.
.......#.# #.
.......#.######.##
..................
.........#####.###


You could see Grinder.

Vanquished Creatures
  A scorpion (D:5)
  A crimson imp (D:5)
  A giant frog zombie (D:5)
  A hound (D:4)
  A giant frog skeleton (D:4)
  3 orc priests
  7 worker ants
  An orc wizard (D:3)
  An iguana (D:4)
  3 gnolls (D:3)
  Robin (D:2)
  10 adders
  A giant mite (D:5)
  4 worms
  An adder zombie (D:5)
  5 giant geckos
  13 orcs
  A ball python (D:2)
  6 giant cockroaches
  14 hobgoblins
  11 jackals
  7 kobolds
  18 bats
  5 giant newts
  16 goblins
  2 quokkas (D:2)
  4 rats
139 creatures vanquished.

Vanquished Creatures (others)
  An orc wizard (D:3)
1 creature vanquished.

Grand Total: 140 creatures vanquished

Notes
Turn   | Place    | Note
--------------------------------------------------------------
     0 | D:1      | Thalios, the Gargoyle Fighter, began the quest for the Orb.
     0 | D:1      | Reached XP level 1. HP: 14/14 MP: 1/1
   204 | D:1      | Reached XP level 2. HP: 19/19 MP: 2/2
   673 | D:2      | Reached skill level 4 in Fighting
   673 | D:2      | Reached XP level 3. HP: 22/24 MP: 3/3
   724 | D:2      | Noticed Robin
   740 | D:2      | Killed Robin
   777 | D:2      | Reached XP level 4. HP: 12/30 MP: 4/4
  1048 | D:2      | Reached skill level 5 in Fighting
  1407 | D:2      | Reached XP level 5. HP: 34/36 MP: 5/5
  1486 | D:2      | Found a glowing golden altar of the Shining One.
  1602 | D:3      | Reached skill level 6 in Fighting
  1886 | D:3      | Reached skill level 7 in Fighting
  1886 | D:3      | Reached XP level 6. HP: 26/44 MP: 6/6
  2636 | D:4      | HP: 2/44 [orc priest/short sword (1)]
  2967 | D:4      | Found a staircase to the Ecumenical Temple.
  2988 | D:4      | Found Faes' Book Boutique.
  3029 | D:4      | Reached skill level 8 in Fighting
  3031 | Temple   | Entered the Ecumenical Temple
  3069 | Temple   | Became a worshipper of Warmaster Okawaru
  3445 | D:4      | Reached XP level 7. HP: 44/49 MP: 7/7
  3912 | D:5      | Entered Level 5 of the Dungeon
  3971 | D:5      | Reached skill level 9 in Fighting
  4221 | D:5      | Found a bloodstained altar of Trog.
  4486 | D:5      | Acquired Okawaru's first power
  4656 | D:5      | Noticed Grinder
  4675 | D:5      | Paralysed by Grinder for 5 turns
  4677 | D:5      | Killed from afar by Grinder

Action                   |  1- 3 |  4- 6 |  7- 9 || total
-------------------------+-------+-------+-------++-------
Melee: Flail             |   123 |   395 |   188 ||   706
Throw: Tomahawk          |     2 |       |       ||     2
  Eat: Chunk             |       |     9 |     5 ||    14
